 Dungeon Crawl Stone Soup version 0.28-a0-429-g1448048969 (webtiles) character file.

Game seed: 7866165490026517381

7524 robertstho the Thaumaturge (level 11, -5/76 HPs)
             Began as a Djinni Fire Elementalist on Sept 10, 2021.
             Was an Initiate of Gozag.
             Slain by a two-headed ogre (35 damage)
             ... on level 10 of the Dungeon.
             The game lasted 00:15:54 (12405 turns).

robertstho the Thaumaturge (DjFE)                  Turns: 12405, Time: 00:15:55

Health: -5/76      AC:  5    Str:  7    XL:     11   Next: 38%
Gold:   1322       EV: 13    Int: 19    God:    Gozag SH:  0 Dex: 15

rFire   + + +      SeeInvis .   g - +1 halberd (protect)
rCold   x . .      Faith    .   (shield currently unavailable)
rNeg    + . .      Spirit   .   d - +0 robe {rN+}
rPois   ∞          Reflect  .   c - +1 helmet
rElec   .          Harm     .   (no cloak)
rCorr   .          Rampage  .   q - +0 pair of gloves
Will    +....                   (boots unavailable)
Stlth   +++.......              (no amulet)
HPRegen 0.22/turn               w - ring of fire
MPRegen 0.00/turn               y - ring of protection from cold

@: flying
A: sickness immunity, fire resistance 2, cold vulnerability 1, float, innate
caster, hp casting, extra vitality 1
a: Renounce Religion, Potion Petition, Call Merchant, Bribe Branch


You were on level 10 of the Dungeon.
You worshipped Gozag.
Gozag was most pleased with you.
You visited 1 branch of the dungeon, and saw 10 of its levels.

You collected 1416 gold pieces.
You spent 28 gold pieces at shops.
You paid 66 gold pieces to Gozag.

Inventory:

Hand Weapons
 g - a +1 halberd of protection (weapon)
Armour
 c - a +1 helmet (worn)
 d - a +0 robe of positive energy (worn)
 q - a +0 pair of gloves (worn)
Jewellery
 v - a ring of positive energy
 w - a ring of fire (left hand)
 x - a ring of fire
 y - a ring of protection from cold (right hand)
Wands
 b - a wand of flame (17)
 f - a wand of paralysis (8)
 i - a wand of iceblast (26)
 r - a wand of acid (4)
 t - a wand of polymorph (10)
Scrolls
 h - a scroll of acquirement {unknown}
 m - 3 scrolls of teleportation
 n - a scroll of noise {unknown}
 o - 4 scrolls of enchant armour
 u - a scroll of silence
 z - 3 scrolls of identify
 B - a scroll of immolation {unknown}
 C - a scroll of magic mapping
Potions
 a - 3 potions of might {unknown}
 e - 2 potions of brilliance {unknown}
 j - 4 potions of curing {unknown}
 k - 2 potions of magic {unknown}
 l - 2 potions of attraction {unknown}
 p - 2 potions of mutation {unknown}
 s - 2 potions of heal wounds
 A - a potion of berserk rage {unknown}


   Skills:
 * Level 5.7 Fighting
 + Level 3.9 Polearms
 + Level 4.1 Dodging
 + Level 3.9 Stealth
 * Level 11.1 Spellcasting
 + Level 0.5 Evocations


You had 4 spell levels left.
You knew the following spells:

 Your Spells              Type           Power      Damage    Failure   Level
a - Foxfire               Conj/Fire      100%       2x1d9     1%          1
b - Scorch                Fire           100%       2d10      1%          2
c - Conjure Flame         Conj/Fire      68%        6-21      1%          3
d - Inner Flame           Hex/Fire       68%        N/A       1%          3
e - Flame Wave            Conj/Fire      68%        3d12      1%          4
f - Beastly Appendage     Tmut           100%       N/A       1%          1
g - Slow                  Hex            51%        N/A       1%          2
h - Stone Arrow           Conj/Erth      100%       3d13      1%          3
i - Animate Dead          Necr           25%        N/A       1%          4
j - Irradiate             Conj/Tmut      25%        3d22      1%          5
Your spell library was empty.

Dungeon Overview and Level Annotations

Branches:
Dungeon (10/15)            Temple (0/1) D:7            Lair (0/6) D:10
    Orc: D:9-12

Altars:
Cheibriados
Gozag
Uskayaw
Beogh

Shops:
D:1 ?

Annotations:
D:6 1 runed translucent door, Psyclone's ghost, novice DEFE


Innate Abilities, Weirdness & Mutations

You are immune to sickness and miasma.
You are immune to poison.
Your flesh is very heat resistant. (rF++)
You are vulnerable to cold. (rC-)
You float through the air rather than walking.
You learn spells naturally, not from books.
Your magical power is your life essence.
You have superior vitality. (+4 HP)


Message History

Confirm with . or Enter, or press ? or * to list all spells.
You feel a surge of power!
Flames lash the two-headed ogre.
The two-headed ogre shouts in stereo!
The two-headed ogre is lightly wounded.
The two-headed ogre's fire resistance burns away.
Casting: Scorch (safe; 1% risk of failure)
Confirm with . or Enter, or press ? or * to list all spells.
You feel a surge of power!
Flames lash the two-headed ogre.
The two-headed ogre is burned terribly!
The two-headed ogre is moderately wounded.
Casting: Scorch (safe; 1% risk of failure)
Confirm with . or Enter, or press ? or * to list all spells.
You feel a surge of power!
Flames lash the two-headed ogre.
The two-headed ogre is burned terribly!
The two-headed ogre is moderately wounded.
Casting: Scorch (safe; 1% risk of failure)
Confirm with . or Enter, or press ? or * to list all spells.
You feel a surge of power!
Flames lash the two-headed ogre.
The two-headed ogre is burned terribly!
The two-headed ogre is heavily wounded.
The two-headed ogre barely misses you.
The two-headed ogre hits you with a +0 giant club!
Casting: Scorch (safe; 1% risk of failure)
Confirm with . or Enter, or press ? or * to list all spells.
Casting: Flame Wave (mildly dangerous; 1% risk of failure)
Press: ? - help, Dir - look around, f - activate You feel a surge of power!
A wave of flame ripples out!
The flame wave engulfs the two-headed ogre!
The two-headed ogre is burned terribly!
The two-headed ogre is severely wounded. (Press . to intensify the flame waves.)
The two-headed ogre is no longer more vulnerable to fire.
The two-headed ogre hits you with a +0 giant club!!
The two-headed ogre completely misses you.
A wave of flame ripples out!
The flame wave engulfs the two-headed ogre.
The two-headed ogre is severely wounded.
The two-headed ogre hits you with a +0 giant club!!
You die...
Your body crumbles into a pile of gold.

##....>......#
...........#.# .......
#....#.#.....# .......
##.........### .......
#.......#...# .......
#.......#.#.# .......
##...........####.......
...##..#.#.#....#O..$...
##...#...#.#.##.@.......
###.#.###.#.####.......
#.#.# ..#.# #######
#...# #.#.# #. #.# ##
### #


You could see a two-headed ogre.

Vanquished Creatures
  A two-headed ogre (D:8)
  3 death yaks (D:10)
  A cyclops (D:10)
  A kobold demonologist (D:9)
  A troll (D:10)
  2 wyverns
  A steam dragon (D:8)
  3 water moccasins
  Edmund (D:5)
  3 orc warriors
  3 sky beasts
  An ogre (D:5)
  4 centaurs
  2 kobold brigands (D:9)
  2 bullfrogs
  3 wyvern zombies
  9 scorpions
  A water moccasin zombie (D:5)
  5 electric eels (D:7)
  3 howler monkeys
  2 bullfrog zombies
  A centaur zombie (D:9)
  2 jellies (D:5)
  A bullfrog skeleton (D:7)
  6 orc priests
  An iguana (D:5)
  13 orc wizards
  A hell rat (D:10)
  A hound skeleton (D:4)
  4 gnolls
  9 adders
  A river rat (D:10)
  2 shadow imps
  An ufetubus (D:3)
  4 worms
  3 dart slugs
  45 orcs
  11 bats
  9 endoplasms
  3 giant cockroaches
  2 goblins (D:3)
  6 hobgoblins
  3 jackals (D:2)
  6 quokkas
  9 ball pythons
  3 frilled lizards
  14 kobolds
  7 rats
220 creatures vanquished.

Vanquished Creatures (collateral kills)
  14 foxfires (D:7)
14 creatures vanquished.

Vanquished Creatures (others)
  581 foxfires
  4 fungi (D:4)
  22 plants (D:7)
607 creatures vanquished.

Grand Total: 841 creatures vanquished

Notes
Turn   | Place    | Note
-------+----------+-------------------------------------------
     0 | D:1      | robertstho the Djinni Fire Elementalist began the quest for
                  | the Orb.
     0 | D:1      | Reached XP level 1. HP: 15/15 MP: 0/0
   472 | D:1      | Reached XP level 2. HP: 19/22 MP: 0/0
   693 | D:1      | Found a faded altar of an unknown god.
   922 | D:1      | Found Gufade's Magic Scroll Shop.
   927 | D:1      | Bought a scroll of identify for 28 gold pieces
  1457 | D:1      | Reached skill level 3 in Spellcasting
  1609 | D:2      | Reached XP level 3. HP: 14/26 MP: 0/0
  1609 | D:2      | Learned a level 1 spell: Beastly Appendage
  2519 | D:2      | Reached XP level 4. HP: 29/31 MP: 0/0
  4179 | D:3      | Reached XP level 5. HP: 32/36 MP: 0/0
  4179 | D:3      | Learned a level 2 spell: Slow
  4214 | D:3      | Reached skill level 4 in Spellcasting
  4639 | D:4      | Reached skill level 1 in Fighting
  4842 | D:4      | Noticed a water moccasin
  4855 | D:4      | Killed a water moccasin
  4856 | D:4      | Reached XP level 6. HP: 19/42 MP: 0/0
  5210 | D:4      | Reached skill level 5 in Spellcasting
  5334 | D:4      | Reached XP level 7. HP: 35/48 MP: 0/0
  5334 | D:4      | Learned a level 3 spell: Stone Arrow
  5711 | D:4      | Reached skill level 1 in Polearms
  5778 | D:4      | Reached XP level 8. HP: 51/55 MP: 0/0
  5782 | D:4      | Reached skill level 6 in Spellcasting
  6160 | D:5      | Entered Level 5 of the Dungeon
  6636 | D:5      | Noticed Edmund
  6644 | D:5      | Killed Edmund
  6645 | D:5      | Reached skill level 7 in Spellcasting
  6807 | D:5      | Found a snail-covered altar of Cheibriados.
  6807 | D:5      | Found an opulent altar of Gozag.
  6808 | D:5      | Found a hide-covered altar of Uskayaw.
  6841 | D:5      | Became a worshipper of Gozag Ym Sagoz the Greedy
  7283 | D:6      | Reached XP level 9. HP: 16/61 MP: 0/0
  7283 | D:6      | Learned a level 4 spell: Animate Dead
  7790 | D:6      | Found a runed translucent door.
  7791 | D:6      | Noticed Psyclone's ghost (novice DEFE)
  7985 | D:7      | Found a staircase to the Ecumenical Temple.
  8155 | D:7      | Reached skill level 8 in Spellcasting
  9049 | D:8      | Reached skill level 9 in Spellcasting
  9387 | D:8      | Noticed a two-headed ogre
  9395 | D:8      | Killed a two-headed ogre
  9396 | D:8      | Reached XP level 10. HP: 54/68 MP: 0/0
  9557 | D:8      | Reached skill level 10 in Spellcasting
 10761 | D:9      | Noticed a kobold demonologist
 10769 | D:9      | Killed a kobold demonologist
 11334 | D:10     | Entered Level 10 of the Dungeon
 11387 | D:10     | Reached skill level 5 in Fighting
 11668 | D:10     | Noticed a cyclops
 11679 | D:10     | Killed a cyclops
 11680 | D:10     | Reached XP level 11. HP: 23/75 MP: 0/0
 11680 | D:10     | Learned a level 5 spell: Irradiate
 12032 | D:10     | Found a staircase to the Lair.
 12032 | D:10     | Noticed a death yak
 12032 | D:10     | Noticed a death yak
 12044 | D:10     | Noticed a death yak
 12045 | D:10     | Killed a death yak
 12051 | D:10     | Killed a death yak
 12052 | D:10     | Reached skill level 11 in Spellcasting
 12056 | D:10     | Killed a death yak
 12399 | D:10     | Noticed a two-headed ogre
 12405 | D:10     | Slain by a two-headed ogre

Illustrated notes

Levels and vault maps discovered:
D:1:      roderic_dead_forest, layout_basic, serial_shops, shop,
          chequers_ecumenical_altar_island
D:2:      layout_basic, hex_tiny
D:3:      layout_rooms
D:4:      old_forge, layout_basic
D:5:      layout_basic, chequers_temple_overflow_statue_of_worship, uniq_edmund
D:6:      layout_basic, gammafunk_ghost_grave
D:7:      layout_gridville, mainiacjoe_overflow_24_doors,
          minmay_temple_entry_waves, serial_bayou, serial_bayou_pond_e,
          serial_bayou_lagoon_a, serial_bayou_pond_d, serial_bayou_shore_a,
          skrybe_limestone_x
D:8:      layout_loops_ring
D:9:      layout_basic, special_room [special_room_orc]
D:10:     layout_roguey, grunt_temple_overflow_open, dpeg_lair_monsters,
          serial_shops, shop, hangedman_decor_diamond_cutter

Skill      XL: |  1  2  3  4  5  6  7  8  9 10 11 |
---------------+----------------------------------+-----
Spellcasting   | 3 4 5 7 9 10 11 | 11.1
Fighting       | 1 2 3 4 5 |  5.7
Stealth        | 2 3 |  3.9
Polearms       | 1 2 3 |  3.9
Dodging        | 3 4 |  4.1
Evocations     | |  0.5

Action                   |  1- 3 |  4- 6 |  7- 9 | 10-12 || total
-------------------------+-------+-------+-------+-------++-------
Melee: Unarmed           |     3 |     1 |       |       ||     4
       Halberd           |       |    25 |    10 |    28 ||    63
 Cast: Foxfire           |    66 |   112 |   155 |    14 ||   347
       Scorch            |    16 |    16 |    62 |    12 ||   106
       Flame Wave        |       |       |     4 |    21 ||    25
       Stone Arrow       |       |       |       |     8 ||     8
Evoke: Wand              |       |       |       |     2 ||     2
  Use: Scroll            |     1 |     5 |     5 |       ||    11
       Potion            |       |       |     2 |     2 ||     4
 Stab: Sleeping          |       |     4 |       |     5 ||     9
Armor: Robe              |     7 |    15 |    12 |    35 ||    69
Dodge: Dodged            |     6 |    23 |    41 |    47 ||   117

Table legend: (Time is in decaauts)
 A = Elapsed time spent in this place.
 B = Non-inter-level travel time spent in this place.
 C = Inter-level travel time spent in this place.
 D = Time resting spent in this place.
 E = Time spent auto-exploring this place.
 F = Levels seen in this place.
 G = Mean time per level.
                   A        B        C        D        E       F      G
               +--------+--------+--------+--------+--------+-----+--------+
         Total |  12431 |  12139 |    292 |   1770 |   8996 |  10 | 1243.1 |
       Dungeon |  12431 |  12139 |    292 |   1770 |   8996 |  10 | 1243.1 |
               +--------+--------+--------+--------+--------+-----+--------+

Top non-repeatable levels by time:
     D:4: 1882 daAuts
     D:1: 1852 daAuts
     D:2: 1601 daAuts
     D:9: 1269 daAuts
    D:10: 1071 daAuts
     D:3: 1064 daAuts
     D:8: 1032 daAuts
     D:6: 971 daAuts
     D:7: 954 daAuts
     D:5: 732 daAuts
